Map: Dreamcatcher LE

Players

Harstem - Winner!

  • Race: Protoss Protoss
  • League: Master
  • Spawn Location: 5:00

eonblu

  • Race: Zerg Zerg
  • League: Grandmaster
  • Spawn Location: 11:00

Event: HomeStory Cup XVII

VOD

Have the link to the VOD?

Description

Time

  • Played on: June 28, 2018, 8 a.m.
  • Length: 8:33

All games in this series

Show
View Real Time Build Order
Export as new Build Order

Harstem Protoss - Winner!

Build Orders: 1 Gate Expand, Oracle Opening, Zealot Archon 

Get SALT Encoding   

  12  0:01  Probe  
  13  0:13  Probe  
  14  0:18  Pylon  
  14  0:25  Probe  
  15  0:33  Probe  
  15  0:39  Gateway  
  15  0:41  Probe  
  16  0:48  Assimilator  
  17  0:52  Probe  
  18  1:04  Probe  
  19  1:16  Probe  
  20  1:26  Nexus  
  20  1:36  Cybernetics Core  
  20  1:39  Probe  
  21  1:46  Assimilator  
  21  1:51  Probe  
  22  1:55  Pylon  
  22  2:03  Probe  
  22  2:04  Adept  
  23  2:15  Probe  
  26  2:19  Stargate  
  26  2:27  Probe  
  26  2:29  Warp Gate  
  28  2:38  Stalker  
  28  2:39  Probe x2  
  30  2:47  Pylon  
  31  2:51  Probe  
  31  2:53  Probe  
  32  2:59  Oracle  
  32  3:03  Probe  
  34  3:05  Probe  
  37  3:15  Probe  
  37  3:17  Probe  
  39  3:27  Oracle, Probe  
  39  3:29  Probe  
  41  3:39  Probe  
  43  3:42  Adept, Probe  
  43  3:46  Gateway x2  
  46  3:51  Probe  
  46  3:52  Assimilator  
  46  3:54  Assimilator, Probe  
  48  4:04  Probe  
  48  4:06  Probe  
  48  4:16  Probe  
  49  4:18  Probe  
  49  4:20  Robotics Facility, Pylon  
  50  4:28  Probe  
  50  4:30  Probe, Pylon  
  52  4:40  Probe, Forge, Twilight Council  
  52  4:42  Adept, Probe  
  52  4:43  Adept  
  58  4:47  Adept  
  60  4:59  Probe  
  61  5:04  Immortal, Probe  
  61  5:07  Nexus  
  62  5:10  Protoss Ground Weapons Level 1, Pylon  
  62  5:13  Charge  
  62  5:16  Sentry  
  62  5:17  Probe  
  69  5:41  Probe  
  66  5:43  Probe  
  66  5:48  Gateway  
  66  5:49  Immortal  
  67  5:50  Gateway  
  67  5:52  Probe  
  67  5:53  Probe  
  69  6:00  Probe  
  69  6:02  Probe  
  69  6:04  Sentry  
  69  6:05  Sentry, Zealot  
  69  6:06  Templar Archives  
  69  6:08  Probe  
  69  6:09  Pylon  
  69  6:11  Shield Battery  
  77  6:17  Probe  
  78  6:20  Gateway, Probe  
  78  6:24  Warp Prism  
  81  6:29  Probe  
  81  6:32  Gateway, Probe  
  83  6:36  Gateway  
  83  6:38  Probe  
  83  6:39  Gateway  
  85  6:43  Gateway  
  85  6:46  Zealot  
  88  6:47  Probe  
  88  6:49  Probe, Pylon  
  88  6:53  Pylon  
  90  6:55  Immortal, Assimilator  
  90  6:58  Probe  
  90  7:00  Assimilator  
  90  7:06  High Templar  
  90  7:07  High Templar x2  
  90  7:08  High Templar  
  102  7:09  Probe  
  102  7:10  Probe  
  102  7:11  Archon  
  102  7:12  Archon, Zealot  
  106  7:18  Probe  
  106  7:20  Pylon  
  106  7:22  Probe  
  108  7:28  Zealot x2  
  112  7:37  Zealot x2  
  112  7:39  Zealot x4  
  124  7:48  Pylon  
  124  7:50  Pylon  
  124  7:51  Pylon  
  124  7:53  Pylon  
  124  7:54  Observer  
  125  8:07  High Templar x2  
  125  8:08  Zealot x6  
  137  8:20  Zealot x2  
  135  8:29  Zealot x3  
  135  8:30  Zealot x3  
Show
View Real Time Build Order
Export as new Build Order

eonblu Zerg 

Build Orders: Pool First 

Get SALT Encoding   

  12  0:00  Drone  
  13  0:12  Overlord  
  13  0:17  Drone  
  14  0:31  Drone x2  
  14  0:34  Drone  
  17  0:44  Spawning Pool  
  17  0:49  Drone  
  17  0:53  Extractor  
  17  0:56  Drone  
  17  1:14  Hatchery  
  16  1:20  Drone  
  17  1:30  Zergling x2  
  17  1:31  Zergling x2  
  19  1:36  Queen  
  21  1:44  Overlord  
  21  1:52  Drone  
  22  1:59  Metabolic Boost  
  22  2:11  Drone x2  
  24  2:21  Drone  
  25  2:28  Drone  
  26  2:36  Drone  
  27  2:38  Drone  
  27  2:41  Hatchery  
  27  2:43  Drone  
  27  2:48  Drone x3  
  30  2:54  Queen  
  32  3:00  Overlord  
  32  3:08  Drone x2  
  32  3:09  Drone  
  35  3:13  Zergling x2  
  35  3:19  Zergling x2  
  37  3:23  Spore Crawler  
  37  3:24  Spore Crawler  
  35  3:33  Drone  
  35  3:34  Drone x4  
  37  3:41  Drone  
  37  3:45  Drone  
  38  3:52  Queen  
  38  3:53  Queen  
  42  3:59  Overlord  
  42  4:00  Drone x2  
  42  4:02  Drone  
  43  4:03  Drone  
  44  4:10  Drone x2  
  44  4:11  Drone  
  47  4:21  Drone x2  
  47  4:22  Spore Crawler  
  47  4:27  Drone  
  47  4:28  Drone x5  
  47  4:29  Extractor  
  47  4:30  Extractor  
  51  4:36  Drone x2  
  51  4:37  Roach Warren  
  52  4:38  Drone  
  52  4:41  Drone  
  52  4:44  Overlord  
  54  4:57  Queen  
  54  5:04  Drone x4  
  57  5:07  Zergling x12  
  65  5:15  Overlord  
  65  5:16  Zergling x4  
  65  5:17  Lair  
  65  5:20  Evolution Chamber  
  64  5:30  Drone  
  64  5:31  Drone x3  
  64  5:35  Spore Crawler, Drone  
  65  5:40  Drone x6  
  67  5:46  Drone x2  
  68  5:52  Zerg Missile Weapons Level 1  
  64  5:58  Drone x3  
  64  6:03  Drone, Extractor  
  66  6:04  Extractor  
  66  6:09  Overlord  
  66  6:10  Drone  
  66  6:16  Glial Reconstitution  
  66  6:20  Overlord x2  
  66  6:23  Drone  
  63  6:38  Roach x9  
  63  6:39  Roach x2  
  85  6:46  Overlord  
  85  6:48  Drone  
  85  6:51  Roach  
  88  7:02  Roach  
  88  7:05  Overlord x3  
  90  7:15  Roach x4  
  98  7:16  Overlord x3  
  98  7:17  Overlord  
  98  7:29  Ravager x6  
  106  7:30  Roach x8  
  106  7:36  Roach x3  
  114  7:43  Roach x3  
  118  7:47  Roach x2  
  122  7:54  Roach x3  
  128  8:00  Roach  
  128  8:01  Roach x3  
  128  8:02  Overlord  
  136  8:08  Zergling x8  
  136  8:09  Zergling x2  
Tags
 
Add a new tag
Caveats
  • Supply blocks, unpowered buildings, or Contaminate may cause inaccurate times.
  • Supply counts are checked every 10 seconds.